Map: Kairos Junction LE

Players

gumiho - Winner!

  • Race: Terran Terran
  • Spawn Location: 11:00

INnoVation

  • Race: Terran Terran
  • Spawn Location: 5:00

Event: IEM Season 13: Katowice (2019)

VOD

https://youtu.be/kSyDYqw8M8o?t=941

Description

Time

  • Played on: March 1, 2019, 6:05 a.m.
  • Length: 10:06

All games in this series

Show
View Real Time Build Order
Export as new Build Order

gumiho Terran - Winner!

Build Orders: Reaper Expand 

Get SALT Encoding   

  12  0:00  SCV  
  13  0:12  SCV  
  14  0:16  Supply Depot  
  14  0:24  SCV  
  15  0:38  SCV  
  15  0:39  Barracks  
  16  0:44  Refinery  
  16  0:50  SCV  
  17  1:02  SCV  
  18  1:14  SCV  
  19  1:26  Orbital Command  
  19  1:27  Reaper  
  20  1:39  Command Center  
  20  1:48  Supply Depot  
  20  1:52  SCV  
  21  1:58  Marine  
  22  2:04  SCV  
  22  2:07  Factory  
  23  2:15  Refinery  
  23  2:16  SCV  
  23  2:21  Barracks Reactor  
  24  2:23  Bunker  
  24  2:28  SCV  
  25  2:40  SCV  
  28  2:51  Starport, Orbital Command, Hellion  
  28  2:54  SCV  
  28  2:58  Marine  
  29  2:59  Marine  
  31  3:06  SCV  
  31  3:12  Factory Tech Lab  
  32  3:16  Marine  
  32  3:17  Marine  
  32  3:18  SCV  
  32  3:19  SCV, Supply Depot  
  36  3:30  SCV  
  36  3:32  SCV  
  38  3:35  Raven  
  38  3:36  Factory Tech Lab  
  38  3:38  Supply Depot  
  38  3:40  Marine x2  
  42  3:43  SCV  
  42  3:44  SCV  
  44  3:55  SCV  
  45  3:56  SCV  
  45  4:00  Barracks  
  46  4:02  Barracks  
  46  4:04  Factory Reactor  
  46  4:07  SCV  
  46  4:08  SCV  
  48  4:10  Stimpack, Refinery, Marine  
  48  4:14  Engineering Bay  
  49  4:19  SCV  
  49  4:20  SCV  
  51  4:25  Supply Depot  
  51  4:28  Marine  
  51  4:29  Starport Reactor  
  53  4:31  SCV  
  53  4:32  SCV  
  54  4:42  Terran Infantry Weapons Level 1  
  54  4:43  SCV  
  54  4:45  Supply Depot  
  55  4:47  Marine  
  55  4:49  Marine x2  
  55  4:51  Siege Tank, Refinery  
  61  4:54  SCV  
  61  4:55  SCV  
  61  4:56  Supply Depot  
  61  4:59  Marine  
  63  5:00  Marine  
  63  5:07  SCV x2  
  66  5:09  Marine x3  
  66  5:10  Medivac  
  66  5:12  Medivac  
  73  5:19  SCV x2, Marine x2  
  77  5:25  Siege Tank  
  80  5:30  Supply Depot  
  80  5:34  Marine x3  
  85  5:48  Supply Depot  
  85  5:49  Command Center  
  83  5:50  SCV x2  
  83  5:55  Marine x4  
  83  5:56  Marine  
  90  6:02  Supply Depot  
  90  6:06  Siege Tank  
  90  6:08  SCV  
  90  6:10  SCV  
  90  6:11  Combat Shield  
  95  6:12  Medivac  
  95  6:14  Medivac  
  99  6:20  Supply Depot  
  99  6:21  Supply Depot  
  99  6:22  SCV x2  
  101  6:26  Marine x3  
  101  6:28  Marine  
  101  6:30  Marine  
  106  6:41  Siege Tank  
  106  6:42  Barracks  
  106  6:43  Terran Infantry Armor Level 1  
  106  6:44  Barracks  
  106  6:46  SCV x2  
  111  6:47  Marine  
  111  6:50  Marine x2  
  111  6:51  Marine  
  111  6:52  Marine  
  114  7:04  Orbital Command  
  114  7:05  Marine  
  114  7:08  Marine x2  
  93  7:09  Marine  
  93  7:10  Marine  
  93  7:14  SCV x2  
  93  7:18  Siege Tank  
  93  7:19  Medivac x2  
  100  7:23  Marine  
  100  7:25  Marine x2  
  100  7:26  SCV x2  
  100  7:27  Marine  
  106  7:33  Barracks Tech Lab x2  
  106  7:36  SCV  
  107  7:38  SCV x2  
  107  7:41  Marauder, Marine  
  107  7:43  Concussive Shells, Marine x2  
  107  7:44  Supply Depot  
  114  7:45  Supply Depot  
  114  7:49  SCV  
  114  7:50  SCV x2  
  117  7:56  Supply Depot  
  117  7:57  Marauder x2  
  121  7:59  Marine x2  
  121  8:01  Marine  
  121  8:02  SCV  
  121  8:05  Marauder  
  127  8:08  Siege Tank  
  127  8:12  Medivac x2  
  134  8:18  Marauder x2  
  138  8:21  Marine x3  
  138  8:22  Marine  
  144  8:27  Marauder  
  144  8:28  Supply Depot  
  144  8:29  Supply Depot  
  144  8:38  Marine  
  144  8:39  SCV x2, Marine  
  144  8:40  Marauder x2  
  151  8:41  Siege Tank  
  151  8:44  Medivac x2  
  160  8:48  Marauder  
  160  8:49  Supply Depot  
  160  8:51  Marine  
  160  8:52  Supply Depot  
  160  8:53  Marine  
  161  9:01  Marauder x2, Marine x2  
  165  9:08  Armory  
  165  9:09  Engineering Bay  
  167  9:10  Marauder  
  167  9:13  Supply Depot x2  
  167  9:15  Marine  
  168  9:18  Siege Tank  
  168  9:22  Marauder, Marine x3  
  176  9:27  Medivac  
  176  9:28  Medivac  
  180  9:32  Marauder x2  
  183  9:42  Marine x2  
  183  9:43  Marine x2  
  183  9:44  Marauder  
Show
View Real Time Build Order
Export as new Build Order

INnoVation Terran 

Build Orders: Mech 

Get SALT Encoding   

  12  0:00  SCV  
  13  0:13  SCV  
  14  0:16  Supply Depot  
  14  0:25  SCV  
  14  0:27  Refinery  
  15  0:38  SCV  
  16  0:44  Barracks  
  16  0:50  SCV  
  16  0:54  Refinery  
  17  1:02  SCV  
  18  1:14  SCV  
  19  1:30  Orbital Command  
  19  1:31  Reaper  
  20  1:38  Factory  
  20  1:45  Supply Depot  
  20  1:56  SCV  
  21  2:03  Reaper  
  23  2:08  SCV  
  23  2:20  SCV  
  23  2:21  Hellion  
  26  2:29  Command Center  
  26  2:32  SCV  
  28  2:43  Hellion  
  29  2:45  SCV  
  29  2:48  Supply Depot  
  30  2:56  Starport  
  31  2:58  SCV  
  31  3:04  Factory Tech Lab  
  31  3:07  Barracks Tech Lab  
  31  3:10  SCV  
  31  3:16  Refinery  
  31  3:22  SCV  
  31  3:23  Cyclone  
  35  3:35  SCV  
  35  3:37  Raven  
  35  3:41  Orbital Command  
  38  3:43  Refinery  
  38  3:47  SCV  
  39  3:55  Siege Tank  
  39  3:58  Barracks Reactor  
  39  3:59  SCV  
  43  4:07  SCV  
  44  4:11  SCV  
  45  4:18  Supply Depot  
  45  4:19  SCV  
  45  4:20  Raven  
  45  4:23  SCV  
  49  4:28  Siege Tank  
  52  4:31  SCV  
  52  4:32  Supply Depot  
  52  4:35  SCV  
  54  4:42  Factory, Supply Depot  
  54  4:43  Barracks Reactor  
  54  4:45  SCV  
  55  4:48  SCV  
  56  4:53  Factory  
  56  4:57  SCV  
  57  5:00  SCV  
  57  5:07  Supply Depot  
  58  5:09  Viking x2  
  58  5:13  SCV x2  
  64  5:18  Siege Tank  
  67  5:24  Supply Depot  
  67  5:27  SCV x2  
  68  5:37  Hellion  
  68  5:39  Viking x2  
  68  5:41  Hellion  
  76  5:47  Siege Tank  
  76  5:49  Supply Depot  
  79  5:52  SCV  
  79  5:54  Siege Tank  
  83  5:58  Hellion  
  83  6:02  Hellion  
  87  6:08  Supply Depot  
  87  6:09  Viking  
  89  6:11  Viking  
  89  6:12  Supply Depot  
  89  6:15  SCV  
  89  6:16  SCV  
  93  6:26  Siege Tank  
  93  6:27  Liberator  
  93  6:28  Hellion x2  
  93  6:31  Siege Tank  
  103  6:37  Supply Depot  
  106  6:49  Supply Depot  
  106  6:51  Hellion x2  
  110  6:55  Supply Depot  
  110  7:07  Liberator  
  89  7:12  Siege Tank  
  89  7:13  Hellion  
  86  7:17  SCV x2  
  86  7:18  Siege Tank  
  86  7:19  Hellion  
  86  7:20  Liberator  
  91  7:24  Barracks  
  94  7:34  Hellion  
  96  7:41  Hellion  
  101  7:51  Infernal Pre-Igniter  
  101  7:52  Command Center  
  101  7:59  Hellion  
  101  8:02  Hellion  
  101  8:03  Siege Tank  
  108  8:07  SCV x2  
  110  8:14  Siege Tank  
  113  8:20  Hellion  
  113  8:23  Hellion  
  117  8:29  Engineering Bay, SCV x2  
  119  8:39  Factory  
  119  8:40  Factory  
  119  8:42  Hellion  
  119  8:45  SCV, Hellion  
  119  8:46  SCV  
  119  8:47  Siege Tank  
  128  8:54  Siege Tank  
  131  8:56  Supply Depot  
  131  8:57  Supply Depot  
  131  8:59  SCV x2  
  133  9:05  Hellion  
  133  9:06  Hellion  
  137  9:11  SCV x2  
  137  9:15  Viking  
  143  9:22  Refinery  
  143  9:23  Refinery, Orbital Command  
  143  9:24  Armory  
  141  9:26  SCV x2  
  143  9:33  Siege Tank  
  143  9:34  Factory Tech Lab  
  143  9:35  Factory Reactor  
  144  9:42  SCV x2  

Tags
 
Add a new tag
Caveats
  • Supply blocks, unpowered buildings, or Contaminate may cause inaccurate times.
  • Supply counts are checked every 10 seconds.